 Dungeon Crawl Stone Soup version 0.28.0-53-g5a82cb258f (webtiles) character file.

Game seed: 9057214276752029261

711 dranuc9 the Magician (level 7, -5/36 HPs)
             Began as a Deep Elf Fire Elementalist on July 16, 2022.
             Slain by an ice beast (14 damage)
             ... on level 5 of the Dungeon.
             The game lasted 00:22:46 (4742 turns).

dranuc9 the Magician (Deep Elf Fire Elementalist)   Turns: 4742, Time: 00:22:47

Health: -5/36      AC:  2    Str:  5    XL:     7   Next: 40%
Magic:  19/19      EV: 13    Int: 22    God:
Gold:   166        SH:  0    Dex: 15    Spells: 18/19 levels left

rFire   . . .      SeeInvis .   h - +0 short sword (venom)
rCold   . . .      Faith    .   (no shield)
rNeg    . . .      Spirit   .   a - +0 robe
rPois   .          Reflect  .   (no helmet)
rElec   .          Harm     .   (no cloak)
rCorr   .          Rampage  .   (no gloves)
Will    .....                   (no boots)
Stlth   ++........              (no amulet)
HPRegen 0.12/turn               (no ring)
MPRegen 0.16/turn               (no ring)

@: no status effects
A: no striking features
a: no special abilities


You were on level 5 of the Dungeon.
You visited 1 branch of the dungeon, and saw 5 of its levels.

You collected 166 gold pieces.

Inventory:

Hand Weapons
 h - a +0 short sword of venom (weapon)
Missiles
 g - 11 poisoned darts
 k - 26 arrows
Armour
 a - a +0 robe (worn)
Jewellery
 e - an amulet of regeneration
 m - a ring of protection from fire
 n - a ring of willpower
 p - a ring of wizardry
Wands
 r - a wand of digging (5)
 s - a wand of flame (17)
Scrolls
 b - 5 scrolls of identify {unknown}
 c - a scroll of magic mapping {unknown}
 d - 2 scrolls of teleportation {unknown}
 i - a scroll of enchant weapon {unknown}
 j - 2 scrolls of blinking {unknown}
 l - a scroll of silence {unknown}
Potions
 f - a potion of berserk rage {unknown}
 o - a potion of curing {unknown}
 q - a potion of degeneration {unknown}
 t - a potion of haste {unknown}


   Skills:
 + Level 0.2 Fighting
 + Level 2.8 Dodging
 + Level 3.5 Stealth
 + Level 6.7 Spellcasting
 + Level 4.5 Conjurations
 + Level 6.1 Fire Magic


You had 18 spell levels left.
You knew the following spells:

 Your Spells              Type           Power      Damage    Failure   Level
a - Foxfire               Conj/Fire      100%       2x1d9     1%          1

Your spell library contained the following spells:

 Spells                   Type           Power      Damage    Failure   Level
 Scorch                   Fire           68%        2d8       1%          2
 Conjure Flame            Conj/Fire      30%        6-21      2%          3
 Inner Flame              Hex/Fire       20%        N/A       8%          3
 Flame Wave               Conj/Fire      30%        2d8       10%         4
 Blink                    Tloc           14%        N/A       13%         2
 Manifold Assault         Tloc           7%         N/A       93%         5
 Summon Cactus Giant      Summ           3%         N/A       100%        6
 Storm Form               Tmut/Air       3%         N/A       100%        7


Dungeon Overview and Level Annotations

Branches:
Dungeon (5/15)
 Temple: D:4-7

Altars:

Shops:
D:1 (:((=   D:4 *


Message History

You conjure some foxfire!
The foxfire hits the gnoll.
The gnoll is heavily wounded.
The foxfire hits the gnoll.
The gnoll is severely wounded.
The foxfire hits the gnoll.
You kill the gnoll!
Your foxfire dissipates!
Things that are here:
a +0 whip; a gnoll corpse You hear the drain falling apart.
An ice beast comes into view.
The ice beast moves out of view.
Casting: Foxfire (safe; 1% risk of failure)
Confirm with . or Enter, or press ? or * to list all spells.
You conjure some foxfire!
Your foxfire dissipates!
The foxfire hits the ice beast!
The ice beast melts!
The ice beast is moderately wounded.
You conjure some foxfire!
There is not enough space to conjure foxfire!
Your foxfire dissipates!
Your foxfire dissipates!
An ice beast is nearby!
You conjure some foxfire!
The walls and floor vibrate strangely for a moment.
The ice beast closely misses you.
There is not enough space to conjure foxfire!
Your foxfire dissipates!
The ice beast hits you. The ice beast freezes you!
Things that are here:
a +0 whip; a gnoll corpse You conjure some foxfire!
The ice beast hits you. The ice beast freezes you!
Your foxfire dissipates!
The foxfire hits the ice beast but does no damage.
The ice beast is moderately wounded.
You are too injured to fight recklessly!
The ice beast hits you.
* * * LOW HITPOINT WARNING * * *
The ice beast freezes you!
You die...

...............####.#
..######..#..#.####.#########
#...###.................
######....#..#.####.#.#######
#^..........#.#.###.#.#
#.####..##...###.##.#.# #
#..##..>.#.....#.# .
#..###Y#.............. . #..#
#.@..############ #
#..#####.## #).....#.#
#.####.#.# #.# #.# #.### #<#
#...# #.# ## ###.# #.# #. #.#
#.# #.


You could see an ice beast.

Vanquished Creatures
  A sky beast (D:5)
  An ogre (D:4)
  A bullfrog (D:3)
  A howler monkey (D:5)
  6 hounds
  Jessica (D:2)
  A scorpion zombie (D:5)
  An iguana (D:5)
  An orc wizard (D:4)
  A howler monkey zombie (D:5)
  A gnoll (D:5)
  5 adders
  A white imp (D:5)
  4 worms
  5 orcs
  3 endoplasms
  3 giant cockroaches
  5 goblins
  5 hobgoblins
  3 jackals (D:1)
  4 quokkas
  6 ball pythons
  7 bats
  A frilled lizard (D:1)
  5 kobolds
  7 rats
80 creatures vanquished.

Vanquished Creatures (others)
  316 foxfires
316 creatures vanquished.

Grand Total: 396 creatures vanquished

Notes
Turn   | Place    | Note
-------+----------+-------------------------------------------
     0 | D:1      | dranuc9 the Deep Elf Fire Elementalist began the quest for
                  | the Orb.
     0 | D:1      | Reached XP level 1. HP: 10/10 MP: 6/6
   379 | D:1      | Found Zaerirum's Weapon Boutique.
   381 | D:1      | Found Zoaduveh's Book Emporium.
   405 | D:1      | Found a faded altar of an unknown god.
   429 | D:1      | Reached XP level 2. HP: 15/15 MP: 4/8
   501 | D:1      | Found Otukkacu's Weapon Shoppe.
   585 | D:1      | Found Yseoris's Jewellery Boutique.
   617 | D:1      | Found Zeketen's Antique Weapon Emporium.
  1044 | D:2      | Reached XP level 3. HP: 19/19 MP: 6/10
  1170 | D:2      | Noticed Jessica
  1174 | D:2      | Killed Jessica
  1384 | D:2      | Reached XP level 4. HP: 24/24 MP: 9/12
  1759 | D:3      | Noticed a bullfrog
  1765 | D:3      | Killed a bullfrog
  1766 | D:3      | Reached XP level 5. HP: 28/28 MP: 10/14
  2322 | D:3      | Reached skill level 5 in Fire Magic
  2990 | D:4      | Reached skill level 5 in Spellcasting
  3049 | D:4      | Found Dof Pot's Gadget Gallery.
  3105 | D:4      | Reached XP level 6. HP: 23/32 MP: 11/16
  4071 | D:5      | Entered Level 5 of the Dungeon
  4123 | D:5      | Noticed a sky beast
  4137 | D:5      | Killed a sky beast
  4138 | D:5      | Reached XP level 7. HP: 36/36 MP: 12/18
  4742 | D:5      | Slain by an ice beast

Illustrated notes

Levels and vault maps discovered:
D:1:      dpeg_arrival_central, layout_basic, serial_shops, shop,
          nicolae_shop_statue_plus, nicolae_shop_overgrown_old_shop,
          nicolae_shop_bloodbath_and_beyond, nicolae_shop_crystal,
          basic_ecumenical_altar
D:2:      layout_basic, uniq_jessica
D:3:      layout_loops_ring, serial_rivers, chequers_serial_rivers_small_a,
          chequers_serial_rivers_micro_d, chequers_serial_rivers_large_a,
          chequers_serial_rivers_micro_a, chequers_serial_rivers_room_a,
          chequers_serial_rivers_micro_c
D:4:      minmay_recursive_quarters, layout_loops_cross, nicolae_shop_gadgets
D:5:      layout_loops_ring, portal_sewer_entry_d

Skill      XL: |  1  2  3  4  5  6  7 |
---------------+----------------------+-----
Spellcasting   | 4 5 6 |  6.7
Conjurations   | 2 3 4 |  4.5
Fire Magic     | 4 5 6 |  6.1
Stealth        | 3 |  3.5
Fighting       | |  0.2
Dodging        | |  2.8

Action                   |  1- 3 |  4- 6 |  7- 9 || total
-------------------------+-------+-------+-------++-------
 Cast: Foxfire           |    60 |    97 |    41 ||   198
Armor: Robe              |     1 |     6 |     1 ||     8
Dodge: Dodged            |    10 |    16 |     5 ||    31
